 Dungeon Crawl Stone Soup version 0.28-a0-1152-g9c71ebef14 (webtiles) character file.

Game seed: 16516875788527328784

2 spaghetti the Sneak (level 1, -1/18 HPs)
             Began as a Mummy Delver on Dec 14, 2021.
             Slain by a quokka (4 damage)
             ... on level 4 of the Dungeon.
             The game lasted 00:00:57 (85 turns).

spaghetti the Sneak (Mummy Delver)                    Turns: 85, Time: 00:00:57

Health: -1/18      AC:  3    Str: 15    XL:     1   Next: 25%
Magic:  1/1        EV: 11    Int:  9    God:
Gold:   11         SH:  0    Dex: 13    Spells: 0/0 levels left

rFire   x . .      SeeInvis .   a - +0 falchion {long}
rCold   + . .      Faith    .   (no shield)
rNeg    + + +      Spirit   .   b - +0 leather armour
rPois   ∞          Reflect  .   (no helmet)
rElec   .          Harm     .   (no cloak)
rCorr   .          Rampage  .   (no gloves)
Will    .....                   (no boots)
Stlth   ++........              (no amulet)
HPRegen 0.06/turn               (no ring)
MPRegen 0.07/turn               (no ring)

@: no status effects
A: cold resistance 1, negative energy resistance 3, torment resistance 2, heat
vulnerability 1, no potions
a: no special abilities


You were on level 4 of the Dungeon.
You visited 1 branch of the dungeon, and saw 3 of its levels.

You collected 11 gold pieces.


Innate Abilities, Weirdness & Mutations

You are immune to poison.
Your flesh is cold resistant. (rC+)
You are immune to negative energy. (rN+++)
You are immune to unholy pain and torment.
You are vulnerable to heat. (rF-)
You do not drink.


   Skills:
 + Level 3.1 Fighting
 - Level 1.5 Long Blades
 - Level 1.5 Dodging
 - Level 4.1 Stealth


You couldn't memorise any spells.
You didn't know any spells.
Your spell library was empty.

Inventory:

Hand Weapons
 a - a +0 falchion (weapon) {long}
Armour
 b - a +0 leather armour (worn)
Wands
 f - a wand of digging (1)
Scrolls
 d - a scroll of magic mapping {!r}

Dungeon Overview and Level Annotations

Branches:
Dungeon (6/15)
 Temple: D:4-7

Altars:

<# #########.##
#..........####
#..............
#§.r...§o§.....
#..@..§S§......
#.)..§§§§......
#.§..§§§o......
#.o..§§§o..oo..
#§§...§§§......
#....§§§.).....
#..§..§§.....).
#..........####
#.........h#


You could see an adder, 2 orcs and a quokka.


Message History

There is a stone staircase leading down here.
Unknown command.
Unknown command.
A scorpion zombie is nearby!
The scorpion zombie hits you. 😕 HP[-3]
You take 3 damage, and now have 15/18 hp.
You barely miss the scorpion zombie. The scorpion zombie hits you. 😮 HP[-2]
You take 2 damage, and now have 13/18 hp.
You are too injured to fight recklessly!
You are too injured to fight recklessly!
You are too injured to fight recklessly!
You are too injured to fight recklessly!
You are too injured to fight recklessly!
You are too injured to fight recklessly!
You are too injured to fight recklessly!
You are too injured to fight recklessly!
You are too injured to fight recklessly!
You are too injured to fight recklessly!
You are too injured to fight recklessly!
You are too injured to fight recklessly!
You are too injured to fight recklessly!
You hit the scorpion zombie but do no damage.
The scorpion zombie hits you but does no damage.
The scorpion zombie closely misses you. 😕 HP[+1]
You hit the scorpion zombie. The scorpion zombie barely misses you.
You hit the scorpion zombie. The scorpion zombie hits you.
* * * LOW HITPOINT WARNING * * *
😨 HP[-5]
You take 5 damage, and now have 9/18 hp.
MASSIVE DAMAGE!! (PAUSE)
There is a stone staircase leading down here. 3 orcs come into view.
An orc is wielding a +1 short sword of venom.
The orc shouts!
Unknown command.
Okay, then.
The orc shouts!
You hit the orc.
The orc hits you with a +1 short sword of venom.
* * * LOW HITPOINT WARNING * * *
😱 HP[-5]
You take 5 damage, and now have 4/18 hp.
MASSIVE DAMAGE!! (PAUSE)
As you read the scroll of fear, it crumbles to dust.
You assume a fearsome visage.
The orc looks frightened!
The scorpion zombie is unaffected.
Okay, then.
Aiming: Dig
Press: ? - help, Shift-Dir - straight line A rock wall.
The rock shatters into small pieces. 😨 HP[+1]
You can't drink.
Unknown command.
Aiming: Dig
Press: ? - help, Shift-Dir - straight line A rock wall.
The rock shatters into small pieces.
There is a stone staircase leading up here.
The orc hits you with a +0 flail.
* * * LOW HITPOINT WARNING * * *
You climb upwards.
The adder hisses angrily.
The orc shouts! x3; The orc wizard shouts!
There is a stone staircase leading down here. 😱 HP[-2]
You take 2 damage, and now have 3/18 hp.
Unknown command.
Unknown command.
Unknown command.
Okay, then.
You can't drink.
Unknown command.
Press: ? - help, v - describe, . - travel, g - get item Item here: an ivory quarterstaff.
The floor.
Unknown command.
As you read the scroll of fog, it crumbles to dust.
The scroll dissolves into smoke.
The orc hits you with a +0 flail.
* * * LOW HITPOINT WARNING * * *
😱 HP[-1]
You take 1 damage, and now have 2/18 hp.
Found a stone staircase leading up. 😱 HP[+1] Really walk into that dispersal trap?
You enter a dispersal trap!
The adder blinks!
The orc blinks!
The adder blinks! x3
You blink.
Unknown command.
You can't drink.
Okay, then.
You slash the orc!
You kill the orc!
The adder enters a dispersal trap!
The hound blinks!
The orc blinks! x2
The quokka blinks!
The orc blinks!
The quokka blinks! x2; The hound blinks!
The orc blinks!
You blink.
The adder blinks!
The quokka bites you.
You die...

Action                   || total
-------------------------++-------
Melee: Falchion          ||     6
Evoke: Wand              ||     2
  Use: Scroll            ||     2
Armor: Leather armour    ||     1
Dodge: Dodged            ||     2

Levels and vault maps discovered:
D:4:      layout_basic, uniq_natasha, uniq_eustachio, uniq_ijyb, uniq_pikel
D:5:      layout_cave_pods, yredelemnul_forgotten_temple_becter
D:6:      cheibrodos_fertilizer, layout_rooms, kennysheep_mini,
          nicolae_kikubaaqudgha_miasma_corner, gammafunk_temple_overflow_pools,
          temple_fountains, kennysheep_dice

Notes
Turn   | Place    | Note
-------+----------+-------------------------------------------
     0 | D:5      | spaghetti the Mummy Delver began the quest for the Orb.
     0 | D:5      | Reached XP level 1. HP: 18/18 MP: 1/1
     0 | D:5      | magus.rc [v1.9.6]
    19 | D:5      | Noticed an ogre
    62 | D:5      | HP: 4/18 [orc (5)]
    79 | D:5      | HP: 3/18 [orc (2)]
    80 | D:4      | Noticed a hound
    80 | D:4      | Noticed an orc wizard
    85 | D:4      | Slain by a quokka

Vanquished Creatures
  An orc (D:4)
1 creature vanquished.

Table legend:
 A = Non-vault XP
 B = Vault XP
 C = Vault XP percentage of total XP
 D = Non-vault monster count
 E = Vault monster count
 F = Vault count percentage of total count
                 A         B        C        D         E       F
            +---------+---------+-------+---------+---------+-------
      Total |       3 |       0 |   0.0 |       1 |       0 |   0.0
            +---------+---------+-------+---------+---------+-------
        D:4 |       3 |       0 |   0.0 |       1 |       0 |   0.0
            +---------+---------+-------+---------+---------+-------

Illustrated notes

Table legend:
 A = Kills in this place as a percentage of kills in entire the game.
 B = Kills by you in this place as a percentage of kills by you in the entire game.
 C = Kills by friends in this place as a percentage of kills by friends in the entire game.
 D = Other kills in this place as a percentage of other kills in the entire game.
 E = Experience gained in this place as a percentage of experience gained in the entire game.
 F = Experience gained in this place divided by the number of levels of this place that you have seen.
                   A       B       C       D       E      F
               +-------+-------+-------+-------+-------+----------------------
         Total | 100.0 | 100.0 |   N/A |   N/A | 100.0 |   1.0
       Dungeon | 100.0 | 100.0 |   N/A |   N/A | 100.0 |   1.0
               +-------+-------+-------+-------+-------+----------------------

Table legend: (Time is in decaauts)
 A = Elapsed time spent in this place.
 B = Non-inter-level travel time spent in this place.
 C = Inter-level travel time spent in this place.
 D = Time resting spent in this place.
 E = Time spent auto-exploring this place.
 F = Levels seen in this place.
 G = Mean time per level.
                   A        B        C        D        E       F      G
               +--------+--------+--------+--------+--------+-----+--------+
         Total |     86 |     86 |      0 |      0 |     18 |   3 |   28.7 |
       Dungeon |     86 |     86 |      0 |      0 |     18 |   3 |   28.7 |
               +--------+--------+--------+--------+--------+-----+--------+

Top non-repeatable levels by time:
     D:5: 71 daAuts
     D:6: 9 daAuts
     D:4: 4 daAuts
